 Dungeon Crawl Stone Soup version 0.17.1-1-g73c8601 (webtiles) character file.

182 namelastname112 the Cutter (level 5, -2/41 HPs)
             Began as a Draconian Skald on Jan 9, 2016.
             Slain by a worker ant (4 damage)
             ... on level 2 of the Dungeon.
             The game lasted 00:06:08 (2702 turns).

namelastname112 the Cutter (Draconian Skald)        Turns: 2702, Time: 00:06:09

Health: -2/41      AC:  8    Str: 16 (19) XL:     5   Next: 35%
Magic:  8/8        EV: 12    Int: 13      God:
Gold:   108        SH:  0    Dex: 11      Spells: 1 memorised, 7 levels left

rFire  . . .     SeeInvis .     x - +0 rapier
rCold  . . .     Clarity  .     (armour unavailable)
rNeg   . . .     SustAt   .     (no shield)
rPois  .         Gourm    .     (helmet restricted)
rElec  .         Spirit   .     (no cloak)
rCorr  .         Warding  .     (no gloves)
rMut   .         Stasis   .     g - +2 pair of boots
MR     .....                    (no amulet)
Stlth  ++........               (no ring)
                                (no ring)

@: mighty, not resistant to hostile enchantments, unstealthy
A: unfitting armour, cold-blooded, AC +5
a: no special abilities


You were on level 2 of the Dungeon.
You were not hungry.

You visited 1 branch of the dungeon, and saw 3 of its levels.

You collected 108 gold pieces.

Inventory:

Hand Weapons
 x - a +0 rapier (weapon)
Missiles
 f - 31 poisoned needles
Armour
 g - a +2 pair of boots (worn)
Jewellery
 q - an uncursed ring of protection from fire {unknown}
Scrolls
 d - 2 scrolls of enchant armour {unknown}
 e - 2 scrolls of remove curse
 h - 5 scrolls of teleportation {unknown}
 i - a scroll of enchant weapon {unknown}
 k - a scroll of fog {unknown}
 n - a scroll of blinking {unknown}
 r - a scroll of random uselessness {unknown}
 t - a scroll of noise {unknown}
 v - a scroll of identify
Potions
 j - a potion of degeneration
 l - a potion of beneficial mutation {unknown}
 p - a potion of might
 w - a potion of heal wounds {unknown}
Books
 b - a book of Battle

   Spells                             Type                      Level
   a - Infusion                       Charms                       1
   b - Shroud of Golubria             Charms/Translocation         2
   c - Song of Slaying                Charms                       2
   d - Spectral Weapon                Hexes/Charms                 3
   e - Regeneration                   Charms/Necromancy            3
Comestibles
 c - 2 bread rations
 m - a beef jerky
 s - 3 fruits
 u - a meat ration


   Skills:
 - Level 2.1 Fighting
 + Level 4.3 Short Blades
 - Level 1.3 Dodging
 + Level 3.3 Stealth
 - Level 2.0 Spellcasting
 - Level 2.6 Charms


You had 7 spell levels left.
You knew the following spells:

 Your Spells              Type           Power        Failure   Level  Hunger
z - Infusion              Chrm           #.....       10%         1    ##.....


Dungeon Overview and Level Annotations

Branches:
Dungeon (3/15)

Altars:

Annotations:
D:2 Sigmund


Innate Abilities, Weirdness & Mutations

Your plain brown scales are hard (AC +5).
Your body does not fit into most forms of armour.
You are cold-blooded and may be slowed by cold attacks.


Message History

* * * LOW HITPOINT WARNING * * *
You feel sick.
The worker ant bites you but does no damage.
Drink which item? (? for menu, Esc to quit)
It was a potion of curing.
You feel better. The worker ant barely misses you.
The worker ant barely misses you.
You closely miss the worker ant.
Your tail-slap misses the worker ant.
The worker ant is lightly wounded.
The worker ant bites you.
* * * LOW HITPOINT WARNING * * *
You barely miss the worker ant.
The worker ant is lightly wounded.
The worker ant bites you but does no damage.
You barely miss the worker ant. You tail-slap the worker ant.
The worker ant is heavily wounded.
The worker ant bites you but does no damage.
You barely miss the worker ant.
The worker ant is heavily wounded.
The worker ant bites you.
You die...

#####.#### ##'## #.........
#.(......# ##...## #.###.#.#.
.........# ##.....## #.###..#.≈
.........# ##.......## #.#.#.##≈.
..##.....###......>..###....###.≈
....(......'.....)...'.......#.[≈
.........###)........###....#...≈
..##.#.#.# ##...a...## #.#.###.#.
..##.###.# ##..@..## #......†..
..##.###.# ##...## #######.##
.........### ##'## ###.#
####.#####.## #.# ##### #...# #.#
##...####.####...# #.###
#.###.###............# #.#
#....## ##.#...###...# #.#
#####.###[#.....###.#####.#
##.#.###...## #.......#


You could see a worker ant.

Vanquished Creatures
  A giant frog (D:3)
  An orc priest (D:3)
  A gnoll (D:1)
  An adder (D:2)
  2 worms (D:2)
  5 bats
  2 giant cockroaches (D:1)
  9 goblins
  7 hobgoblins
  4 jackals
  12 kobolds
  6 quokkas
  2 ball pythons (D:2)
  2 giant geckos
  5 giant newts
  5 rats
65 creatures vanquished.

Notes
Turn   | Place    | Note
--------------------------------------------------------------
     0 | D:1      | namelastname112 the Draconian Skald began the quest for the Orb.
     0 | D:1      | Reached XP level 1. HP: 17/17 MP: 3/3
   118 | D:1      | Reached skill level 1 in Stealth
   145 | D:1      | Reached XP level 2. HP: 18/24 MP: 5/5
   556 | D:2      | Found a faded altar to an unknown god.
   712 | D:2      | Reached XP level 3. HP: 27/29 MP: 6/6
  1152 | D:2      | Reached skill level 3 in Short Blades
  1201 | D:2      | Noticed Sigmund
  1578 | D:1      | Reached XP level 4. HP: 28/36 MP: 7/7
  2289 | D:3      | Noticed a giant frog
  2301 | D:3      | Killed a giant frog
  2301 | D:3      | Reached skill level 4 in Short Blades
  2301 | D:3      | Reached XP level 5. HP: 19/41 MP: 8/8
  2697 | D:2      | HP: 2/41 [poisoned by a worker ant]
  2702 | D:2      | Slain by a worker ant

Action                   |  1- 3 |  4- 6 || total
-------------------------+-------+-------++-------
Melee: Short sword       |   182 |    78 ||   260
       Rapier            |       |    34 ||    34
  Use: Scroll            |     2 |       ||     2
       Potion            |       |     3 ||     3
 Stab: Sleeping          |     1 |     2 ||     3
  Eat: Chunk             |     2 |     4 ||     6
